 Dungeon Crawl Stone Soup version 0.22.1-1-ga44c0e56f4 (webtiles) character file.

52 Jannitor the Shield-Bearer (level 3, -1/26 HPs)
             Began as an Octopode Fighter on Oct 24, 2018.
             Slain by a gnoll
             ... wielding a +0 spear
              (4 damage)
             ... on level 2 of the Dungeon.
             The game lasted 00:00:57 (901 turns).

Jannitor the Shield-Bearer (Octopode Fighter)        Turns: 901, Time: 00:00:57

Health: -1/26      AC:  1    Str: 15    XL:     3   Next: 85%
Magic:  3/3        EV: 12    Int: 10    God:
Gold:   55         SH:  9    Dex: 12    Spells: 2/2 levels left

rFire    . . .     SeeInvis .   a - +0 trident
rCold    . . .     Gourm    .   b - +0 shield
rNeg     . . .     Faith    .   (helmet restricted)
rPois    +         Spirit   .   (no amulet)
rElec    .         Reflect  .   e - ring of poison resistance
rCorr    .         Harm     .   (no ring)
MR       .....                  (no ring)
Stlth    +++.......             (no ring)
HPRegen  0.08/turn              (no ring)
MPRegen  0.08/turn              (no ring)
                                (no ring)
                                (no ring)

@: no status effects
A: almost no armour, stealthy swim, amphibious, 8 rings, constrict 8, camouflage
1, gelatinous body 1
a: no special abilities


You were on level 2 of the Dungeon.
You were not hungry.

You visited 1 branch of the dungeon, and saw 2 of its levels.

You collected 55 gold pieces.

Inventory:

Hand Weapons
 a - a +0 trident (weapon)
Armour
 b - a +0 shield (worn)
Jewellery
 e - a ring of poison resistance (left tentacle)
Scrolls
 g - a scroll of teleportation {unknown}
 i - a scroll of fog {unknown}
 j - a scroll of magic mapping {unknown}
 l - a scroll of enchant weapon {unknown}
 m - a scroll of identify {unknown}
Potions
 c - a potion of might
 h - 2 potions of curing {unknown}
 k - a potion of resistance {unknown}
 n - a potion of degeneration {unknown}
 o - a potion of agility {unknown}
Comestibles
 d - 3 rations
 f - 3 chunks of flesh


   Skills:
 + Level 3.3 Fighting
 + Level 2.5 Polearms
 + Level 3.3 Dodging
 + Level 1.5 Stealth
 + Level 3.4 Shields


You had 2 spell levels left.
You didn't know any spells.
Your spell library was empty.

Dungeon Overview and Level Annotations

Branches:
Dungeon (2/15)

Altars:


Innate Abilities, Weirdness & Mutations

You cannot wear most types of armour.
You are very stealthy in the water. (Stealth+)
You are amphibious.
You can wear up to eight rings at the same time.
You can use your tentacles to constrict eight enemies at once.
Your skin changes colour to match your surroundings (Stealth+).
Your rubbery body absorbs attacks. (AC +1, EV +1)


Message History

Aim: a gnoll, wielding a spear You reach to attack!
You puncture the gnoll!
The gnoll is severely wounded.
The gnoll barely misses you.
Attack whom?
Press: ? - help, Dir - move target cursor, f/p - gnoll
Aim: a gnoll, wielding a spear (severely wounded)
You reach to attack!
Your shield prevents you from hitting the gnoll.
The gnoll is severely wounded.
The gnoll closely misses you.
Attack whom?
Press: ? - help, Dir - move target cursor, f/p - gnoll
Aim: a gnoll, wielding a spear (severely wounded)
You reach to attack!
You barely miss the gnoll.
The gnoll is severely wounded.
The gnoll hits you from afar with a spear!
* * * LOW HITPOINT WARNING * * *
The gnoll hits you from afar with a spear.
You die...

###############
#.............#
#.###########.### #.#
#...#.....# #.#
#.#.#.#.#.# #.#
#.#.#.#.#.#
#.#####.#.#.#.#.#####
#.......#.#.#.#.@.g.#
(.#####.#.#.#.#####.#
#.#####.#.#...# g#
.<........##### ..
########### ###


You could see a gnoll.

Vanquished Creatures
  2 gnolls (D:2)
  An ooze (D:1)
  A dart slug (D:1)
  A leopard gecko (D:1)
  2 bats (D:1)
  A giant cockroach (D:1)
  3 goblins (D:1)
  4 hobgoblins
  A kobold (D:1)
  2 ball pythons (D:1)
  4 frilled lizards (D:1)
  5 rats (D:1)
27 creatures vanquished.

Notes
Turn   | Place    | Note
-------+----------+-------------------------------------------
     0 | D:1      | Jannitor the Octopode Fighter began the quest for the Orb.
     0 | D:1      | Reached XP level 1. HP: 16/16 MP: 1/1
    35 | D:1      | Reached XP level 2. HP: 14/21 MP: 2/2
   560 | D:1      | Reached XP level 3. HP: 26/26 MP: 3/3
   577 | D:1      | Reached skill level 1 in Stealth
   901 | D:2      | Slain by a gnoll

Skill      XL: |  1  2  3 |
---------------+----------+-----
Stealth        | 1 |  1.5
Fighting       | |  3.3
Polearms       | |  2.5
Dodging        | |  3.3
Shields        | |  3.4

Action                   || total
-------------------------++-------
Melee: Trident           ||    56
       Constrict         ||    10
       Tentacles         ||     5
 Stab: Sleeping          ||     7
Armor: Skin              ||     2
Dodge: Dodged            ||    19
Block: Shield            ||    17
